 Dungeon Crawl Stone Soup version 0.22-a0-445-g8c8ef71 (webtiles) character file.

46 iamserjio the Chopper (level 3, -1/37 HPs)
             Began as an Ogre Gladiator on June 2, 2018.
             Slain by Sigmund
             ... wielding a +0 scythe
              (12 damage)
             ... on level 2 of the Dungeon.
             The game lasted 00:02:03 (1409 turns).

iamserjio the Chopper (Ogre Gladiator)              Turns: 1409, Time: 00:02:04

Health: -1/37      AC:  3    Str: 18    XL:     3   Next: 66%
Magic:  3/3        EV: 10    Int:  9    God:
Gold:   111        SH:  0    Dex: 11    Spells: 2/2 levels left

rFire    . . .     SeeInvis .   a - +0 war axe
rCold    . . .     Gourm    .   (no shield)
rNeg     . . .     Faith    .   b - +0 robe
rPois    .         Spirit   .   c - +0 hat
rElec    .         Reflect  .   (no cloak)
rCorr    .         Harm     .   (gloves unavailable)
MR       .....                  (boots unavailable)
Stlth    +.........             (no amulet)
HPRegen  0.12/turn              (no ring)
MPRegen  0.08/turn              (no ring)

@: no status effects
A: large, unfitting armour, tough skin 1
a: no special abilities


You were on level 2 of the Dungeon.
You were hungry.

You visited 1 branch of the dungeon, and saw 2 of its levels.

You collected 111 gold pieces.

Inventory:

Hand Weapons
 a - a +0 war axe (weapon)
Missiles
 d - 3 throwing nets (quivered)
 k - 22 stones
Armour
 b - a +0 robe (worn)
 c - a +0 hat (worn)
Scrolls
 g - a scroll of enchant weapon {unknown}
 i - a scroll of remove curse {unknown}
 j - 2 scrolls of identify {unknown}
Potions
 e - a potion of resistance {unknown}
 h - a potion of curing
 l - a potion of heal wounds {unknown}
Comestibles
 f - 7 rations


   Skills:
 + Level 3.4 Fighting
 * Level 3.9 Axes
 - Level 2.0 Throwing
 + Level 3.1 Dodging


You had 2 spell levels left.
You didn't know any spells.
Your spell library was empty.

Dungeon Overview and Level Annotations

Branches:
Dungeon (2/15)

Altars:

Annotations:
D:2 Sigmund


Innate Abilities, Weirdness & Mutations

You are too large for most types of armour.
You have tough skin. (AC +1)


Message History

You barely miss Sigmund.
Sigmund is heavily wounded.
Sigmund barely misses you.
You hit Sigmund but do no damage.
Sigmund is heavily wounded.
You hit Sigmund.
Sigmund is severely wounded.
Sigmund hits you with a scythe.
You completely miss Sigmund.
Sigmund is severely wounded.
Sigmund gestures at you while chanting. The puff of flame misses you.
You closely miss Sigmund.
Sigmund is severely wounded.
Sigmund hits you with a scythe.
* * * LOW HITPOINT WARNING * * *
You closely miss Sigmund.
Sigmund is severely wounded.
Sigmund hits you with a scythe!
You die...

.##.#)## .. ..
#g###.## .......#
#...g...
....#.#####..#
#####g#.
.#####......>. #.#.
#.#####.# #.<> #.#
###.## ####
###.##....... #
#......##.#.###.#
###.#..........@@h#
#......#.#.#.#.####
#>#.#).........##
PP.#.#..#.#.#.#..#
$P # #†..........#
$ #.#..#.#.#.#..#
...............#
##.##.#.#.#.#.)# #.
#..(.......#


You could see Sigmund and a hound.

Vanquished Creatures
  A gnoll (D:1)
  An adder (D:2)
  A dart slug (D:2)
  A leopard gecko (D:2)
  3 giant cockroaches
  4 hobgoblins (D:2)
  4 kobolds
  A quokka (D:2)
  A ball python (D:1)
  4 bats
  A frilled lizard (D:1)
  2 rats (D:2)
24 creatures vanquished.

Notes
Turn   | Place    | Note
-------+----------+-------------------------------------------
     0 | D:1      | iamserjio the Ogre Gladiator began the quest for the Orb.
     0 | D:1      | Reached XP level 1. HP: 22/22 MP: 1/1
   702 | D:2      | Reached XP level 2. HP: 26/29 MP: 2/2
  1154 | D:2      | Reached XP level 3. HP: 34/37 MP: 3/3
  1394 | D:2      | Noticed Sigmund
  1409 | D:2      | Slain by Sigmund

Vault maps used:
D:1:      dpeg_arrival_tiny_f
D:2:      fedhas_altar_2, serial_glass, glass_columns_b, glass_columns_c,
          first_ration, minmay_gold_behind_fungi, uniq_sigmund, uniq_terence

Skill      XL: |  1  2 |
---------------+-------+-----
Fighting       | 3 |  3.4
Dodging        | 3 |  3.1
Axes           | |  3.9
Throwing       | |  2.0

Action                   || total
-------------------------++-------
Melee: War axe           ||    93
 Stab: Sleeping          ||     1
  Eat: Chunk             ||     1
Armor: Robe              ||    30
Dodge: Dodged            ||    61

Table legend:
 A = Spawn XP
 B = Non-spawn XP
 C = Spawn XP percentage of total XP
 D = Spawn monster count
 E = Non-spawn monster count
 F = Spawn count percentage of total count
 G = Total turns spent on level
                    A         B        C        D         E        F      G
               +---------+---------+-------+---------+---------+-------+---------
         Total |       0 |      66 |   0.0 |       0 |      24 |   0.0 |  1409
               +---------+---------+-------+---------+---------+-------+---------
           D:1 |       0 |      24 |   0.0 |       0 |       8 |   0.0 |   740
           D:2 |       0 |      42 |   0.0 |       0 |      16 |   0.0 |   669
               +---------+---------+-------+---------+---------+-------+---------
